Map: Base du roi Sejong EC

Players

nomen - Winner!

  • Race: Protoss Protoss
  • Spawn Location: 5:00

zidar

  • Race: Zerg Zerg
  • League: Gold
  • Spawn Location: 11:00

VOD

Have the link to the VOD?

Description

Time

  • Played on: June 2, 2016, 11:13 a.m.
  • Length: 10:16
Show
View Real Time Build Order
Export as new Build Order

nomen Protoss - Winner!

Build Orders:  

Get SALT Encoding   

  12  0:03  Probe (Chrono Boost)  
  13  0:18  Pylon  
  13  0:19  Probe (Chrono Boost)  
  14  0:33  Probe (Chrono Boost)  
  15  0:38  Gateway  
  16  0:50  Probe (Chrono Boost)  
  16  0:57  Assimilator  
  16  1:00  Probe (Chrono Boost)  
  17  1:11  Probe (Chrono Boost)  
  18  1:21  Probe (Chrono Boost)  
  19  1:27  Cybernetics Core  
  19  1:30  Zealot (Chrono Boost)  
  19  1:32  Probe  
  22  1:44  Probe  
  23  1:58  Nexus  
  23  2:04  Pylon  
  23  2:09  Warp Gate (Chrono Boost)  
  23  2:16  Assimilator  
  23  2:22  Probe  
  24  2:34  Probe  
  25  2:42  Robotics Facility  
  25  2:47  Probe  
  26  2:55  Pylon  
  25  2:59  Probe  
  25  3:03  Gateway  
  26  3:12  Gateway  
  26  3:13  Mothership Core  
  28  3:20  Probe  
  29  3:32  Probe, Pylon  
  30  3:42  Immortal (Chrono Boost)  
  30  3:47  Pylon  
  34  3:51  Probe  
  35  4:04  Stalker x2  
  39  4:11  Stalker  
  41  4:25  Robotics Bay  
  41  4:29  Probe, Assimilator  
  41  4:30  Probe  
  42  4:36  Assimilator  
  43  4:48  Probe  
  43  4:50  Probe  
  45  4:59  Probe  
  45  5:02  Probe  
  47  5:10  Probe (Chrono Boost)  
  48  5:14  Probe (Chrono Boost)  
  49  5:22  Probe (Chrono Boost), Disruptor  
  49  5:25  Probe (Chrono Boost)  
  54  5:29  Robotics Facility  
  54  5:32  Probe (Chrono Boost)  
  54  5:34  Pylon  
  55  5:36  Probe (Chrono Boost)  
  56  5:43  Sentry  
  56  5:47  Stalker  
  56  5:48  Stalker  
  62  5:56  Gateway  
  62  5:58  Gateway  
  62  6:03  Disruptor (Chrono Boost)  
  65  6:18  Disruptor (Chrono Boost)  
  68  6:29  Probe  
  68  6:30  Probe  
  70  6:38  Immortal (Chrono Boost)  
  70  6:39  Pylon  
  74  6:48  Stalker  
  74  6:49  Stalker  
  84  7:03  Immortal (Chrono Boost)  
  84  7:04  Stalker x2  
  86  7:09  Pylon  
  86  7:11  Pylon  
  86  7:13  Pylon  
  86  7:32  Stalker x4  
  94  7:41  Forge  
  94  7:42  Forge  
  94  7:54  Probe x2  
  94  7:56  Pylon  
  96  7:58  Sentry x2  
  96  7:59  Sentry  
  96  8:05  Pylon  
  101  8:06  Probe x2  
  101  8:07  Pylon  
  101  8:09  Pylon  
  103  8:26  Stalker x2  
  103  8:27  Stalker x3  
  109  8:33  Immortal (Chrono Boost)  
  117  9:00  Stalker x4  
  117  9:01  Stalker  
Show
View Real Time Build Order
Export as new Build Order

zidar Zerg 

Build Orders: Pool First 

Get SALT Encoding   

  12  0:01  Drone  
  13  0:12  Overlord  
  13  0:17  Drone  
  14  0:30  Drone x2  
  14  0:34  Drone  
  17  0:48  Spawning Pool  
  17  0:49  Drone  
  17  1:13  Drone  
  17  1:17  Hatchery  
  17  1:20  Extractor  
  17  1:24  Drone x2  
  18  1:34  Drone  
  19  1:43  Drone  
  20  1:56  Queen  
  21  2:05  Overlord, Drone  
  22  2:16  Roach Warren  
  22  2:17  Drone  
  22  2:23  Extractor  
  21  2:32  Queen  
  23  2:50  Hatchery  
  22  2:55  Drone x2  
  22  2:57  Drone  
  25  3:00  Drone  
  25  3:04  Drone  
  27  3:24  Pneumatized Carapace  
  27  3:25  Lair  
  27  3:30  Drone x2  
  29  3:52  Roach x3  
  35  4:00  Overlord x2  
  35  4:09  Queen  
  37  4:13  Overlord  
  37  4:14  Overlord  
  37  4:32  Roach x4  
  45  4:42  Hydralisk Den  
  45  4:45  Drone x2  
  46  4:46  Extractor  
  46  4:47  Extractor, Drone  
  45  5:16  Evolution Chamber  
  45  5:21  Evolution Chamber  
  43  5:22  Hydralisk x4  
  51  5:30  Drone x2  
  51  5:34  Drone  
  51  5:35  Drone  
  55  5:47  Overseer  
  55  5:57  Zerg Missile Weapons Level 1  
  55  6:18  Drone x6  
  61  6:20  Drone x2  
  61  6:22  Drone  
  64  6:40  Zerg Ground Armor Level 1  
  64  6:47  Hydralisk x3  
  70  6:57  Drone x4  
  70  7:01  Overlord  
  74  7:07  Metabolic Boost  
  74  7:19  Drone x6  
  80  7:25  Overlord  
  80  7:26  Overlord  
  80  7:35  Drone x2  
  80  8:26  Hydralisk x7  
  80  8:27  Hydralisk x2  
  82  8:32  Overlord x3  
  82  8:33  Overlord  
  98  8:48  Glial Reconstitution  
  98  8:49  Infestation Pit  
  97  8:57  Roach x14  
  97  9:00  Zergling x6  
  108  9:36  Hydralisk x6  
  108  9:37  Hydralisk x6  
Tags
 
Add a new tag
Caveats
  • Supply blocks, unpowered buildings, or Contaminate may cause inaccurate times.
  • Supply counts are checked every 10 seconds.